| TOP OF THE 1ST |
|
Charlotte Knights batting - Pitching for Columbus Clippers : RHP Matt Zambon
|
|
Pitching: RHP Matt Zambon
|
|
|
Batting: RHB Jeremy Hoffert
|
0-0: Foul Ball, location: 2F 0-1: Swinging Strike 0-2: Foul Ball, location: 2F 0-2: Foul Ball, location: 2F 0-2: Ball 1-2: Ground out 5-3 (Groundball, 5L, EV 80.6 MPH)
|
|
Batting: LHB Ricardo Pagan
|
0-0: Called Strike 0-1: Foul Ball, location: 2F 0-2: Ground out U3 (Groundball, 23, EV 81.2 MPH)
|
|
Batting: RHB Mike Warzecha
|
0-0: Called Strike 0-1: Swinging Strike 0-2: Ball 1-2: Strikes out swinging
|
| Top of the 1st over - 0 runs, 0 hits, 0 errors, 0 left on base; Charlotte 0 - Columbus 0 |
| BOTTOM OF THE 1ST |
|
Columbus Clippers batting - Pitching for Charlotte Knights : RHP Brett Kitchen
|
|
Pitching: RHP Brett Kitchen
|
|
|
Batting: LHB Zack Berney
|
0-0: Swinging Strike 0-1: Ball 1-1: Foul Ball, location: 2F 1-2: Ball 2-2: Ground out 5-3 (Groundball, 6, EV 84.4 MPH)
|
|
Batting: LHB Jesus Lozano
|
0-0: Ball 1-0: Ball 2-0: Called Strike 2-1: SINGLE (Groundball, 34S, EV 64.4 MPH) (infield hit)
|
|
Batting: LHB Zion Davidson
|
0-0: Ball 1-0: Grounds into double play, 6-4-3 (Groundball, 6S, EV 88.8 MPH)
|
| Bottom of the 1st over - 0 runs, 1 hit, 0 errors, 0 left on base; Charlotte 0 - Columbus 0 |
| TOP OF THE 2ND |
|
Charlotte Knights batting - Pitching for Columbus Clippers : RHP Matt Zambon
|
|
Batting: SHB Ethan Villalobos
|
0-0: Called Strike 0-1: Ball 1-1: Swinging Strike 1-2: Foul Ball, location: 2F 1-2: Ball 2-2: Ball 3-2: Strikes out looking
|
|
Batting: LHB John Thurman
|
0-0: Called Strike 0-1: Ground out 4-3 (Groundball, 4, EV 108.1 MPH)
|
|
Batting: RHB Kikuo Sato
|
0-0: Ball 1-0: Called Strike 1-1: Foul Ball, location: 2F 1-2: Foul Ball, location: 2F 1-2: Strikes out swinging
|
| Top of the 2nd over - 0 runs, 0 hits, 0 errors, 0 left on base; Charlotte 0 - Columbus 0 |
| BOTTOM OF THE 2ND |
|
Columbus Clippers batting - Pitching for Charlotte Knights : RHP Brett Kitchen
|
|
Batting: LHB Tyler Babbitt
|
0-0: Foul Ball, location: 2F 0-1: Ground out 4-3 (Groundball, 4, EV 107.5 MPH)
|
|
Batting: RHB Mike Quackenbush
|
0-0: Ball 1-0: Ball 2-0: Foul Ball, location: 2F 2-1: Ball 3-1: Base on Balls
|
|
Batting: RHB Chad Thompson
|
0-0: Called Strike 0-1: Ball 1-1: Foul Ball, location: 2F 1-2: Grounds into double play, 4-6-3 (Groundball, 13, EV 88.1 MPH)
|
| Bottom of the 2nd over - 0 runs, 0 hits, 0 errors, 0 left on base; Charlotte 0 - Columbus 0 |
| TOP OF THE 3RD |
|
Charlotte Knights batting - Pitching for Columbus Clippers : RHP Matt Zambon
|
|
Batting: SHB Josh Conner
|
0-0: Swinging Strike 0-1: Foul Ball, location: 2F 0-2: Strikes out swinging
|
|
Batting: RHB Jose Marquez
|
0-0: Ball 1-0: Foul Ball, location: 2F 1-1: Swinging Strike 1-2: Strikes out swinging
|
|
Batting: RHB Steve Waltenbery
|
0-0: Foul Ball, location: 2F 0-1: Called Strike 0-2: Ball 1-2: Ball 2-2: Ball 3-2: Ground out 4-3 (Groundball, 4M, EV 88.1 MPH)
|
| Top of the 3rd over - 0 runs, 0 hits, 0 errors, 0 left on base; Charlotte 0 - Columbus 0 |
| BOTTOM OF THE 3RD |
|
Columbus Clippers batting - Pitching for Charlotte Knights : RHP Brett Kitchen
|
|
Batting: SHB Scott Scott
|
0-0: Fly out, F5 (Line Drive, 6, EV 73.1 MPH)
|
|
Batting: RHB Jason Sher
|
0-0: Ball 1-0: Ball 2-0: SINGLE (Groundball, 6MD, EV 102.5 MPH)
|
|
Batting: RHB Justin Ganey
|
0-0: Called Strike 0-1: Ball 1-1: Swinging Strike Pickoff Throw to First - Out! 1-3 CS 1-2: Strikes out swinging
|
| Bottom of the 3rd over - 0 runs, 1 hit, 0 errors, 0 left on base; Charlotte 0 - Columbus 0 |
| TOP OF THE 4TH |
|
Charlotte Knights batting - Pitching for Columbus Clippers : RHP Matt Zambon
|
|
Batting: RHB Jeremy Hoffert
|
0-0: Bunt missed! 0-1: Ball 1-1: Ball 2-1: Swinging Strike 2-2: Ball 3-2: Foul Ball, location: 2F 3-2: Ground out 6-3 (Groundball, 56, EV 80.0 MPH)
|
|
Batting: LHB Ricardo Pagan
|
0-0: Called Strike 0-1: Swinging Strike 0-2: Strikes out swinging
|
|
Batting: RHB Mike Warzecha
|
0-0: Called Strike 0-1: Foul Ball, location: 2F 0-2: Ball 1-2: DOUBLE (Line Drive, 9LS, EV 108.8 MPH)
|
|
Batting: SHB Ethan Villalobos
|
0-0: Swinging Strike 0-1: Ground out U3 (Groundball, 3S, EV 83.8 MPH)
|
| Top of the 4th over - 0 runs, 1 hit, 0 errors, 1 left on base; Charlotte 0 - Columbus 0 |
| BOTTOM OF THE 4TH |
|
Columbus Clippers batting - Pitching for Charlotte Knights : RHP Brett Kitchen
|
|
Batting: LHB Zack Berney
|
0-0: Called Strike 0-1: Ball 1-1: Ground out 5-3 (Groundball, 6, EV 105.6 MPH)
|
|
Batting: LHB Jesus Lozano
|
0-0: Swinging Strike 0-1: Swinging Strike 0-2: Ball 1-2: Ball 2-2: Fly out, F7 (Flyball, 78S, EV 91.9 MPH)
|
|
Batting: LHB Zion Davidson
|
0-0: Called Strike 0-1: Ball 1-1: Called Strike 1-2: Strikes out looking
|
| Bottom of the 4th over - 0 runs, 0 hits, 0 errors, 0 left on base; Charlotte 0 - Columbus 0 |
| TOP OF THE 5TH |
|
Charlotte Knights batting - Pitching for Columbus Clippers : RHP Matt Zambon
|
|
Batting: LHB John Thurman
|
0-0: Ball 1-0: Ground out 4-3 (Groundball, 4S, EV 83.8 MPH)
|
|
Batting: RHB Kikuo Sato
|
0-0: Called Strike 0-1: Foul Ball, location: 2F 0-2: Foul Ball, location: 2F 0-2: Ball 1-2: Strikes out swinging
|
|
Batting: SHB Josh Conner
|
0-0: Ball 1-0: Ball 2-0: Ball 3-0: Base on Balls
|
|
Pinch Runner at 1st Dunlang Clark:
|
|
|
Batting: RHB Jose Marquez
|
0-0: Called Strike 0-1: Swinging Strike 0-2: Ball 1-2: Strikes out swinging
|
| Top of the 5th over - 0 runs, 0 hits, 0 errors, 1 left on base; Charlotte 0 - Columbus 0 |
| BOTTOM OF THE 5TH |
|
Columbus Clippers batting - Pitching for Charlotte Knights : RHP Brett Kitchen
|
|
Now at C: Dunlang Clark
|
|
|
Now at 3B: Ricardo Pagan
|
|
|
Batting: LHB Tyler Babbitt
|
0-0: Ball 1-0: Called Strike 1-1: Ball 2-1: Ball 3-1: Foul Ball, location: 2F 3-2: Foul Ball, location: 2F 3-2: Fly out, F8 (Flyball, 8LD, EV 91.2 MPH)
|
|
Batting: RHB Mike Quackenbush
|
0-0: Ball 1-0: SOLO HOME RUN (Flyball, 78XD, EV 99.4 MPH), Distance : 394 ft
|
|
Batting: RHB Chad Thompson
|
0-0: Swinging Strike 0-1: Foul Ball, location: 2F 0-2: Ball 1-2: Strikes out swinging
|
|
Batting: SHB Scott Scott
|
0-0: Ball 1-0: Swinging Strike 1-1: Foul Ball, location: 2F 1-2: Foul Ball, location: 2F 1-2: Ball 2-2: Strikes out swinging
|
| Bottom of the 5th over - 1 run, 1 hit, 0 errors, 0 left on base; Charlotte 0 - Columbus 1 |
| TOP OF THE 6TH |
|
Charlotte Knights batting - Pitching for Columbus Clippers : RHP Matt Zambon
|
|
Batting: RHB Steve Waltenbery
|
0-0: Ground out 3-1 (Groundball, 34, EV 83.8 MPH)
|
|
Batting: RHB Jeremy Hoffert
|
0-0: Called Strike 0-1: Called Strike 0-2: Ball 1-2: Fly out, F8 (Flyball, 8LD, EV 91.2 MPH)
|
|
Batting: LHB Ricardo Pagan
|
0-0: Ball 1-0: Ball 2-0: Ball 3-0: Base on Balls
|
|
Batting: RHB Mike Warzecha
|
0-0: Ball 1-0: Ball 2-0: Ball 3-0: Called Strike 3-1: Base on Balls Ricardo Pagan to second
|
|
Batting: SHB Ethan Villalobos
|
0-0: Foul Ball, location: 2F 0-1: Ground out U3 (Groundball, 3, EV 103.8 MPH)
|
| Top of the 6th over - 0 runs, 0 hits, 0 errors, 2 left on base; Charlotte 0 - Columbus 1 |
| BOTTOM OF THE 6TH |
|
Columbus Clippers batting - Pitching for Charlotte Knights : RHP Brett Kitchen
|
|
Batting: RHB Jason Sher
|
0-0: Called Strike 0-1: Called Strike 0-2: Ground out 6-3 (Groundball, 6M, EV 81.2 MPH)
|
|
Batting: RHB Justin Ganey
|
0-0: Called Strike 0-1: Ball 1-1: Foul Ball, location: 2F 1-2: Foul Ball, location: 2F 1-2: Foul Ball, location: 2F 1-2: Strikes out swinging
|
|
Batting: LHB Zack Berney
|
0-0: Called Strike 0-1: Ball 1-1: Fly out, F9 (Flyball, 89M, EV 91.9 MPH)
|
| Bottom of the 6th over - 0 runs, 0 hits, 0 errors, 0 left on base; Charlotte 0 - Columbus 1 |
| TOP OF THE 7TH |
|
Charlotte Knights batting - Pitching for Columbus Clippers : RHP Matt Zambon
|
|
Batting: LHB John Thurman
|
0-0: Ball 1-0: Called Strike 1-1: Swinging Strike 1-2: Foul Ball, location: 2F 1-2: Strikes out swinging
|
|
Pinch Hitting: RHB Chris Cooper
|
0-0: Swinging Strike 0-1: Ball 1-1: Ball 2-1: Ball 3-1: Fly out, F4 (Line Drive, 4M, EV 63.8 MPH)
|
|
Batting: RHB Dunlang Clark
|
0-0: Called Strike 0-1: Ball 1-1: SINGLE (Groundball, 56D, EV 87.5 MPH) (infield hit)
|
|
Pinch Hitting: LHB Justin Stickney
|
0-0: Foul Ball, location: 2F 0-1: Ball 1-1: Ball 2-1: Ball 3-1: Base on Balls Dunlang Clark to second
|
|
Pinch Hitting: LHB Adam Tarbutton
|
0-0: Fielders Choice at 2nd, 6-4 (Groundball, 6, EV 109.4 MPH)
|
| Top of the 7th over - 0 runs, 1 hit, 0 errors, 2 left on base; Charlotte 0 - Columbus 1 |
| BOTTOM OF THE 7TH |
|
Columbus Clippers batting - Pitching for Charlotte Knights : RHP Brett Kitchen
|
|
Now at 1B: Justin Stickney
|
|
|
Now at 2B: Mike Warzecha
|
|
|
Now at SS: Jeremy Hoffert
|
|
|
Now in LF: Chris Cooper
|
|
|
Now in CF: John Thurman
|
|
|
Now in RF: Adam Tarbutton
|
|
|
Batting: LHB Jesus Lozano
|
0-0: Fly out, F8 (Flyball, 89D, EV 105.0 MPH)
|
|
Batting: LHB Zion Davidson
|
0-0: SINGLE (Groundball, 25, EV 62.5 MPH) (infield hit)
|
|
Batting: LHB Tyler Babbitt
|
0-0: Called Strike 0-1: Ball 1-1: Fielders Choice at 2nd, 3-6 (Groundball, 3, EV 88.1 MPH)
|
|
Batting: RHB Mike Quackenbush
|
0-0: Called Strike 0-1: Ball 1-1: Ball 2-1: Ball 3-1: Foul Ball, location: 2F 3-2: Ground out 5-3 (Groundball, 56, EV 82.5 MPH)
|
| Bottom of the 7th over - 0 runs, 1 hit, 0 errors, 1 left on base; Charlotte 0 - Columbus 1 |
| TOP OF THE 8TH |
|
Charlotte Knights batting - Pitching for Columbus Clippers : RHP Matt Zambon
|
|
Pitching: RHP Juan Flores
|
|
|
Batting: RHB Jeremy Hoffert
|
0-0: Ball 1-0: Ball 2-0: Swinging Strike 2-1: DOUBLE (Line Drive, 7LD, EV 97.5 MPH)
|
|
Batting: LHB Ricardo Pagan
|
0-0: Called Strike 0-1: Called Strike 0-2: Strikes out swinging
|
|
Batting: RHB Mike Warzecha
|
0-0: Foul Ball, location: 2F 0-1: Ball 1-1: Fly out, F9 (Flyball, 89M, EV 90.0 MPH)
|
|
Batting: SHB Ethan Villalobos
|
0-0: Called Strike 0-1: Ball 1-1: SINGLE (Flyball, 56D, EV 92.5 MPH) Jeremy Hoffert to third Runner from 3rd tries for Home, SAFE, throw by LF to home
|
|
Batting: LHB John Thurman
|
0-0: Swinging Strike 0-1: Ground out 4-3 (Groundball, 4, EV 81.2 MPH)
|
| Top of the 8th over - 1 run, 2 hits, 0 errors, 1 left on base; Charlotte 1 - Columbus 1 |
| BOTTOM OF THE 8TH |
|
Columbus Clippers batting - Pitching for Charlotte Knights : RHP Brett Kitchen
|
|
Batting: RHB Chad Thompson
|
0-0: Ball 1-0: Called Strike 1-1: Foul Ball, location: 2F 1-2: Strikes out swinging
|
|
Batting: SHB Scott Scott
|
0-0: Called Strike 0-1: Foul Ball, location: 2F 0-2: Strikes out swinging
|
|
Batting: RHB Jason Sher
|
0-0: Ball 1-0: Ball 2-0: Swinging Strike 2-1: Foul Ball, location: 2F 2-2: Ground out 6-3 (Groundball, 6, EV 88.1 MPH)
|
| Bottom of the 8th over - 0 runs, 0 hits, 0 errors, 0 left on base; Charlotte 1 - Columbus 1 |
| TOP OF THE 9TH |
|
Charlotte Knights batting - Pitching for Columbus Clippers : RHP Juan Flores
|
|
Pitching: RHP Nate Souza
|
|
|
Batting: RHB Chris Cooper
|
0-0: Called Strike 0-1: Ball 1-1: Swinging Strike 1-2: Foul Ball, location: 2F 1-2: Strikes out swinging
|
|
Pinch Hitting: LHB Alberto Carrasco
|
0-0: Swinging Strike 0-1: Foul Ball, location: 2F 0-2: Strikes out swinging
|
|
Batting: LHB Justin Stickney
|
0-0: Called Strike 0-1: Ball 1-1: Ball 2-1: Swinging Strike 2-2: Fly out, F9 (Flyball, 89M, EV 91.2 MPH)
|
| Top of the 9th over - 0 runs, 0 hits, 0 errors, 0 left on base; Charlotte 1 - Columbus 1 |
| BOTTOM OF THE 9TH |
|
Columbus Clippers batting - Pitching for Charlotte Knights : RHP Brett Kitchen
|
|
Pitching: RHP Jesus Griego
|
|
|
Now at C: Micah Brown
|
|
|
Batting: RHB Justin Ganey
|
0-0: Ball 1-0: Foul Ball, location: 2F 1-1: Foul Ball, location: 2F 1-2: Foul Ball, location: 2F 1-2: Ball 2-2: Foul Ball, location: 2F 2-2: Fly out, F9 (Flyball, 89M, EV 92.5 MPH)
|
|
Batting: LHB Zack Berney
|
0-0: Swinging Strike 0-1: Foul Ball, location: 2F 0-2: Ball 1-2: SINGLE (Line Drive, 7S, EV 91.9 MPH)
|
|
Batting: LHB Jesus Lozano
|
0-0: Called Strike Zack Berney steals 2nd base 0-1: Ball 1-1: Ball 2-1: Foul Ball, location: 2F 2-2: Strikes out looking
|
|
Batting: LHB Zion Davidson
|
0-0: Intentional Walk
|
|
Batting: LHB Tyler Babbitt
|
0-0: Called Strike 0-1: Ball 1-1: Ball 2-1: SINGLE (Line Drive, 4M, EV 98.8 MPH) Zack Berney to third Zion Davidson to second Runner from 3rd tries for Home, SAFE, throw by CF to home
|
| Bottom of the 9th over - 1 run, 2 hits, 0 errors, 2 left on base; Charlotte 1 - Columbus 2 |
|